 Dungeon Crawl Stone Soup version 0.28-a0-563-gf77a47075d (webtiles) character file.

Game seed: 1025393685983080746

130 iamoutofideas the Chopper (level 5, -3/45 HPs)
             Began as a Hill Orc Gladiator on Oct 1, 2021.
             Slain by a gnoll sergeant (5 damage)
             ... on level 1 of the Dungeon.
             The game lasted 00:02:32 (4013 turns).

iamoutofideas the Chopper (Hill Orc Gladiator)      Turns: 4013, Time: 00:02:32

Health: -3/45      AC:  4    Str: 18    XL:     5   Next: 14%
Magic:  5/5        EV: 12    Int:  8    God:
Gold:   62         SH:  0    Dex: 12    Spells: 4/4 levels left

rFire   . . .      SeeInvis .   a - +0 war axe
rCold   . . .      Faith    .   (no shield)
rNeg    . . .      Spirit   .   b - +0 leather armour
rPois   .          Reflect  .   c - +0 helmet
rElec   .          Harm     .   (no cloak)
rCorr   .          Rampage  .   (no gloves)
Will    .....                   (no boots)
Stlth   +.........              (no amulet)
HPRegen 0.15/turn               (no ring)
MPRegen 0.09/turn               (no ring)

@: no status effects
A: no striking features
a: no special abilities


You were on level 1 of the Dungeon.
You visited 1 branch of the dungeon, and saw 3 of its levels.

You collected 62 gold pieces.

Inventory:

Hand Weapons
 a - a +0 war axe (weapon)
Missiles
 d - 3 throwing nets (quivered)
Armour
 b - a +0 leather armour (worn)
 c - a +0 helmet (worn)
 o - a +0 ring mail
Jewellery
 m - a ring of ice
Scrolls
 e - a scroll of blinking {unknown}
 f - 2 scrolls of identify {unknown}
 h - 2 scrolls of magic mapping {unknown}
 i - a scroll of teleportation {unknown}
 j - a scroll of enchant weapon {unknown}
 n - a scroll of fear {unknown}
Potions
 g - a potion of mutation {unknown}
 k - a potion of invisibility {unknown}
 l - 2 potions of might {unknown}


   Skills:
 + Level 3.4 Fighting
 + Level 5.9 Axes
 - Level 1.7 Throwing
 + Level 1.9 Armour
 + Level 2.8 Dodging
 + Level 0.3 Stealth


You had 4 spell levels left.
You didn't know any spells.
Your spell library contained the following spells:

 Spells                   Type           Power      Damage    Failure   Level
 Frozen Ramparts          Ice            0%         1d2       83%         3
 Ice Form                 Ice/Tmut       0%         N/A       99%         4
 Summon Ice Beast         Ice/Summ       0%         N/A       99%         4


Dungeon Overview and Level Annotations

Branches:
Dungeon (3/15)

Altars:
Fedhas

Annotations:
D:2 exclusion: downstairs
D:3 1 runed translucent door, RandomusNamus's ghost, amateur SpCj


Message History

The gnoll hits you but does no damage. The gnoll sergeant misses you.
There is a stone staircase leading up here.
The gnoll hits you with a +0 club.
The gnoll sergeant hits you with a +0 spear!
You climb upwards.
There is a stone staircase leading down here.
You slash the gnoll sergeant!
The gnoll sergeant is moderately wounded.
You closely miss the gnoll. The gnoll barely misses you.
The gnoll sergeant closely misses you. The gnoll completely misses you.
You slash the gnoll sergeant!
The gnoll sergeant is severely wounded.
You closely miss the gnoll.
The gnoll sergeant hits you with a +0 spear.
The gnoll hits you with a +0 club. The gnoll sergeant barely misses you.
You hit the gnoll sergeant.
The gnoll sergeant is almost dead.
You hit the gnoll. The gnoll hits you with a +0 club.
The gnoll sergeant hits you but does no damage.
You barely miss the gnoll.
The gnoll is lightly wounded.
You hit the gnoll sergeant but do no damage.
The gnoll barely misses you.
The gnoll sergeant hits you with a +0 spear!
* * * LOW HITPOINT WARNING * * *
You hit the gnoll sergeant but do no damage.
The gnoll sergeant is almost dead.
You slash the gnoll!
You kill the gnoll!
The gnoll sergeant hits you with a +0 spear.
* * * LOW HITPOINT WARNING * * *
You barely miss the gnoll sergeant.
The gnoll sergeant is almost dead.
The gnoll sergeant closely misses you.
You closely miss the gnoll sergeant.
The gnoll sergeant is almost dead.
The gnoll sergeant hits you with a +0 spear.
* * * LOW HITPOINT WARNING * * *
The gnoll sergeant hits you with a +0 spear.
You die...

.≈≈8≈≈≈≈8§§##......#.#
.≈≈≈####≈§§......###[#
.≈§≈'..#≈§§.#....#.#.#
.§≈≈'.<#≈§≈.#.#..#.#.#
.≈§≈####≈§≈.#.#..#.#.#
.≈≈8≈≈≈≈8≈≈.#.#..#.#.#
#≈8≈≈≈≈≈≈8≈.#.#..#.#.#
#≈≈≈≈≈≈≈≈≈≈.#.#.g#.#.#
.....#..........@).#.#
####..#########.####.#
......#8.#..#...## #.#
####..#8.'..#....###.############
####..#8.#..#8#..................
......####.####.####.#######.####
......#.......#..........# #.#
...##......(..#..#######.# #.#
##.##.######..#..# #.###.#


You could see a gnoll sergeant.

Vanquished Creatures
  An adder (D:3)
  6 gnolls
  3 worms (D:2)
  5 dart slugs
  6 bats
  3 endoplasms (D:1)
  A giant cockroach (D:1)
  2 goblins
  3 hobgoblins (D:1)
  3 jackals
  4 quokkas
  2 ball pythons
  2 frilled lizards (D:1)
  4 kobolds
  A rat (D:3)
46 creatures vanquished.

Vanquished Creatures (others)
  10 plants (D:3)
  2 withered plants (D:3)
12 creatures vanquished.

Grand Total: 58 creatures vanquished

Notes
Turn   | Place    | Note
-------+----------+-------------------------------------------
     0 | D:1      | iamoutofideas the Hill Orc Gladiator began the quest for
                  | the Orb.
     0 | D:1      | Reached XP level 1. HP: 18/18 MP: 1/1
    42 | D:1      | Found a faded altar of an unknown god.
   574 | D:1      | Reached XP level 2. HP: 9/25 MP: 2/2
  1006 | D:1      | Reached XP level 3. HP: 30/30 MP: 3/3
  1604 | D:2      | Reached skill level 5 in Axes
  1963 | D:2      | Found a blossoming altar of Fedhas.
  2750 | D:3      | Noticed a bullfrog
  2751 | D:3      | Found a runed translucent door.
  3000 | D:2      | Reached skill level 1 in Armour
  3000 | D:2      | Reached XP level 4. HP: 33/38 MP: 4/4
  3437 | D:3      | Noticed RandomusNamus's ghost (amateur SpCj)
  3440 | D:3      | Noticed a gnoll sergeant
  3720 | D:3      | Reached XP level 5. HP: 33/45 MP: 5/5
  4013 | D:1      | HP: 2/45 [gnoll sergeant (5)]
  4013 | D:1      | Slain by a gnoll sergeant

Illustrated notes

Levels and vault maps discovered:
D:1:      lightli_arrival_boilingwater, layout_basic,
          shapermc_ecumenical_altar_mp_vishouse, minmay_quantized
D:2:      kennysheep_six_static_rooms, layout_loops_ring, basic_altar
D:3:      layout_basic, nicolae_uskayaw_en_pointe, yredelemnul_altar_generic,
          ebering_ghost_sewer_d, serial_bayou_lagoon_a

Skill      XL: |  1  2  3 |
---------------+----------+-----
Axes           | 5 |  5.9
Fighting       | 3 |  3.4
Armour         | 1 |  1.9
Throwing       | |  1.7
Dodging        | |  2.8
Stealth        | |  0.3

Action                   |  1- 3 |  4- 6 || total
-------------------------+-------+-------++-------
Melee: War axe           |   113 |    43 ||   156
 Stab: Sleeping          |     2 |       ||     2
Armor: Leather armour    |    32 |    10 ||    42
Dodge: Dodged            |    83 |    48 ||   131

Table legend: (Time is in decaauts)
 A = Elapsed time spent in this place.
 B = Non-inter-level travel time spent in this place.
 C = Inter-level travel time spent in this place.
 D = Time resting spent in this place.
 E = Time spent auto-exploring this place.
 F = Levels seen in this place.
 G = Mean time per level.
                   A        B        C        D        E       F      G
               +--------+--------+--------+--------+--------+-----+--------+
         Total |   4065 |   3973 |     92 |   1711 |   1802 |   3 | 1355.0 |
       Dungeon |   4065 |   3973 |     92 |   1711 |   1802 |   3 | 1355.0 |
               +--------+--------+--------+--------+--------+-----+--------+

Top non-repeatable levels by time:
     D:2: 2253 daAuts
     D:1: 1710 daAuts
     D:3: 101 daAuts
